AoeStats
← TBO Comico

Oasis

508934701Analyzed
2v2 RM · 9d ago on Sep 24, 2026· 46m 22s· 4 players
Game mode
Random Map
Map size
Medium (4 player)
Population
200
Speed
Normal
Resources
Standard
Victory
Conquest
Starting age
Dark Age
Ending age
Imperial Age
RankedLock teamsTeams togetherTeam positionsShared explorationLock speedFull tech treeHidden civsTurbo modeCheats
Victory
Defeat
🇲🇽 Teutons · Mexico
1465
+18
🇲🇽 Gurjaras · Mexico
1461
+18
🇩🇪 Romans · Germany
1535
-19
🇩🇪 Bulgarians · Germany
1478
-17
I_hate_arabia
6:25 Loom
10:07 Feudal Age
12:36 Arson
14:31 Double-Bit Axe
16:01 Horse Collar
17:11 Town Watch
18:00 Scale Mail Armor
23:08 Castle Age
24:03 Bow Saw
24:11 Squires
24:35 Chain Mail Armor
24:09 Gambesons
24:27 Pikeman
25:58 Wheelbarrow
32:16 Heavy Plow
37:38 Imperial Age
35:05 Stone Mining
35:52 Fletching
36:11 Gold Mining
37:19 Bodkin Arrow
38:02 Hand Cart
39:37 Halberdier
41:44 Masonry
41:56 Ballistics
42:49 Conscription
44:03 Chemistry
43:44 Murder Holes
Poncho
7:09 Loom
9:19 Feudal Age
9:35 Man-at-Arms
10:11 Double-Bit Axe
20:51 Castle Age
19:01 Horse Collar
19:51 Scale Mail Armor
20:03 Gold Mining
21:13 Wheelbarrow
21:16 Long Swordsman
22:44 Chain Mail Armor
22:35 Squires
24:12 Bow Saw
27:08 Forging
33:48 Iron Casting
33:28 Heavy Plow
36:36 Imperial Age
35:23 Hand Cart
34:53 Town Watch
35:59 Gold Shaft Mining
35:16 Stone Mining
38:28 Blast Furnace
36:52 Legionary
37:06 Capped Ram
38:27 Ballistics
39:30 Siege Engineers
40:45 Conscription
42:15 Chemistry
40:39 Heavy Scorpion
41:17 Siege Ram
43:16 Blast Furnace
43:59 Fletching
44:28 Bodkin Arrow
45:04 Padded Archer Armor
UrielMazatzi
5:54 Loom
8:30 Feudal Age
10:04 Double-Bit Axe
11:31 Horse Collar
18:45 Castle Age
19:42 Bow Saw
19:56 Heavy Plow
19:44 Town Watch
20:15 Bloodlines
20:05 Husbandry
26:20 Wheelbarrow
28:55 Forging
33:50 Ballistics
34:01 Kshatriyas
34:55 Town Patrol
37:28 Imperial Age
36:05 Iron Casting
35:31 Scale Mail Armor
35:19 Arson
37:56 Chain Mail Armor
37:37 Elite Chakram Thrower
39:09 Crop Rotation
39:20 Scale Barding Armor
39:29 Bloodlines
39:19 Husbandry
39:34 Kshatriyas
39:49 Conscription
40:21 Stone Mining
40:21 Gold Mining
41:06 Conscription
41:43 Plate Mail Armor
41:35 Chain Barding Armor
41:45 Light Cavalry
43:52 Hoardings
44:01 Hoardings
44:21 Plate Barding Armor
TBO Comico
6:07 Loom
8:31 Feudal Age
12:04 Double-Bit Axe
12:57 Horse Collar
20:51 Castle Age
18:39 Town Watch
20:19 Bloodlines
22:09 Bow Saw
22:00 Heavy Plow
22:39 Forging
22:54 Scale Barding Armor
25:26 Iron Casting
26:33 Wheelbarrow
27:55 Chain Barding Armor
33:43 Hand Cart
37:50 Imperial Age
36:19 Town Patrol
37:35 Gold Mining
37:36 Stone Mining
37:55 Cavalier
39:39 Blast Furnace
42:46 Plate Barding Armor
44:14 Paladin
Connection lost

Rejoining the realm…

Still unreachable

The connection could not be restored.

Session expired

The server has moved on; the page needs a fresh start.